 Dungeon Crawl Stone Soup version 0.23.0 (webtiles) character file.

Game seed: 18061581704737328681

0 Gargoyl the Skirmisher (level 1, -4/19 HPs)
             Began as a Centaur Abyssal Knight on Feb 9, 2019.
             Was a Follower of Lugonu.
             Slain by a spatial maelstrom (8 damage)
             ... on level 3 of the Abyss.
             The game lasted 00:00:46 (203 turns).

Gargoyl the Skirmisher (Centaur Abyssal Knight)      Turns: 203, Time: 00:00:47

Health: -4/19      AC:  4    Str: 14    XL:     1   Next: 0%
Magic:  2/2        EV:  9    Int: 11    God:    Lugonu [*.....]
Gold:   46         SH:  0    Dex:  8    Spells: 0/0 levels left

rFire    . . .     SeeInvis .   d - staff of air
rCold    . . .     Gourm    .   (no shield)
rNeg     . . .     Faith    .   b - +0 leather armour
rPois    .         Spirit   .   (no helmet)
rElec    +         Reflect  .   (no cloak)
rCorr    .         Harm     .   (no gloves)
MR       .....                  (no barding)
Stlth    ..........             (no amulet)
HPRegen  0.06/turn              (no ring)
MPRegen  0.08/turn              (no ring)

@: very quick
A: large, hooves 3, deformed body, speed 2, tough skin 3
a: Depart the Abyss, Renounce Religion


You were on level 3 of the Abyss.
You worshipped Lugonu.
Lugonu was aware of your devotion.
You were not hungry.

You visited 0 branches of the dungeon, and saw 0 of its levels.
You visited the Abyss 1 time.

You collected 46 gold pieces.

Inventory:

Hand Weapons
 a - a +1 hand axe
Armour
 b - a +0 leather armour (worn)
Magical Staves
 d - an uncursed staff of air (weapon)
Comestibles
 c - a ration


   Skills:
 + Level 3.0 Fighting
 + Level 1.7 Axes
 + Level 1.3 Armour
 + Level 0.6 Dodging
 + Level 2.0 Invocations


You couldn't memorise any spells.
You didn't know any spells.
Your spell library contained the following spells:

 Spells                   Type           Power        Failure   Level  Hunger
 Corona                   Hex            #......      41%         1    ##.....
 Slow                     Hex            #.......     54%         2    ###....
 Inner Flame              Hex/Fire       #.......     78%         3    ####...
 Portal Projectile        Hex/Tloc       #.....       78%         3    ####...
 Cause Fear               Hex            #.........   99%         4    #####..
 Leda's Liquefaction      Hex/Erth       #.........   99%         4    #####..


Dungeon Overview and Level Annotations

Branches:
Dungeon (0/15)

Altars:


Innate Abilities, Weirdness & Mutations

You have hooves in place of feet.
Armour fits poorly on your strangely shaped body.
You cover ground very quickly.
You have extremely tough skin. (AC +3)


Message History

Found a whip.
Found 22 arrows.
You pick up a book of Debilitation and begin reading...
You add the spells Corona, Slow, Inner Flame, Portal Projectile, Cause Fear and Leda's Liquefaction to your library.
A spatial maelstrom comes into view.
A spatial vortex comes into view.
A large abomination comes into view.
Found a ring mail.
Found a twisted runed staff.
A spatial vortex comes into view.
You see here a twisted runed staff.
d - a twisted runed staff
d - an uncursed staff of air (weapon)
A spatial vortex comes into view.
You don't know any spells.
A wraith comes into view.
The spatial maelstrom hits you. Space warps horribly around you!
* * * LOW HITPOINT WARNING * * *
The spatial maelstrom hits you!
You die...

..#.# ## . .. .# .
## #.. ...#.. . .
##...##.##..# . ...
..#
#.#.#.#..#.##.#....
..##.#.#...#..#
.#...#
...#...#..#....##.#.
#.###....###.. ....
#@v....X.###....).
#..#...............#
#..##........W.v
#... ....
#.###..##...##...
...#. #.##
#..##...... # #.
....# #...... .. .##
. .(..#
#............. ###.#
##..##..###..# .#
#.. ##.......


You could see a spatial maelstrom and a large abomination.

Vanquished Creatures (others)
  2 starspawn tentacles (Abyss:2)
2 creatures vanquished.

Notes
Turn   | Place    | Note
-------+----------+-------------------------------------------
     0 | Abyss:1  | Gargoyl the Centaur Abyssal Knight began the quest for the
                  | Orb.
     0 | Abyss:1  | Reached XP level 1. HP: 19/19 MP: 2/2
    38 | Abyss:1  | Noticed a large abomination
    93 | Abyss:2  | Noticed a red devil
   134 | Abyss:2  | Noticed a tentacled starspawn
   162 | Abyss:2  | Noticed an iron imp
   166 | Abyss:3  | Found a corrupted altar of Lugonu.
   177 | Abyss:3  | Noticed a spatial maelstrom
   178 | Abyss:3  | Noticed a spatial vortex
   182 | Abyss:3  | Noticed a large abomination
   187 | Abyss:3  | Noticed a spatial vortex
   195 | Abyss:3  | Noticed a spatial vortex
   196 | Abyss:3  | Noticed a wraith
   203 | Abyss:3  | Slain by a spatial maelstrom
